 Dungeon Crawl Stone Soup version 0.29-a0-834-g1e95ca9f62 (webtiles) character file.

Game seed: 13549167028780550660

41 gobodom the Stinger (level 3, 0/24 HPs)
             Began as a Demonspawn Venom Mage on July 12, 2022.
             Slain by an adder (2 damage)
             ... on level 2 of the Dungeon.
             The game lasted 00:03:48 (1571 turns).

gobodom the Stinger (Demonspawn Venom Mage)         Turns: 1571, Time: 00:03:49

Health: 0/24       AC:  3    Str:  8    XL:     3   Next: 32%
Magic:  2/6        EV: 12    Int: 18    God:
Gold:   64         SH:  0    Dex: 15    Spells: 6/7 levels left

rFire   . . .      SeeInvis .   c - +0 short sword
rCold   . . .      Faith    .   (no shield)
rNeg    . . .      Spirit   .   a - +0 robe
rPois   .          Reflect  .   (no helmet)
rElec   .          Harm     .   (no cloak)
rCorr   .          Rampage  .   (no gloves)
Will    +....                   f - +0 pair of boots
Stlth   +++.......              (no amulet)
HPRegen 0.08/turn               e - ring of willpower
MPRegen 0.10/turn               (no ring)

@: no status effects
A: thin skeletal structure 1
a: no special abilities


You were on level 2 of the Dungeon.
You visited 1 branch of the dungeon, and saw 2 of its levels.

You collected 64 gold pieces.

Inventory:

Hand Weapons
 c - a +0 short sword (weapon)
Armour
 a - a +0 robe (worn)
 f - a +0 pair of boots (worn)
Jewellery
 e - a ring of willpower (left hand)
Scrolls
 d - a scroll of identify {unknown}
 h - a scroll of enchant weapon {unknown}
Potions
 b - 2 potions of magic
 g - a potion of might {unknown}


   Skills:
 + Level 0.2 Short Blades
 + Level 1.9 Dodging
 + Level 1.7 Stealth
 + Level 2.5 Spellcasting
 + Level 1.2 Transmutations
 + Level 3.6 Poison Magic


You had 6 spell levels left.
You knew the following spells:

 Your Spells              Type           Power      Damage    Failure   Level
a - Sting                 Tmut/Pois      44%        1d5       6%          1

Your spell library contained the following spells:

 Spells                   Type           Power      Damage    Failure   Level
 Poisonous Vapours        Pois/Air       16%        N/A       12%         2
 Mephitic Cloud           Conj/Pois/Air  6%         N/A       30%         3
 Olgreb's Toxic Radiance  Pois           15%        N/A       36%         4


Dungeon Overview and Level Annotations

Branches:
Dungeon (2/15)

Altars:


Innate Abilities, Weirdness & Mutations

You have a somewhat thin skeletal structure. (Dex +2, Stealth+)


Message History

Aim: a worm (90% to hit)
The sting hits the worm.
The worm is poisoned.
The worm is lightly wounded.
The worm bites you.
* * * LOW HITPOINT WARNING * * *
You hit the worm but do no damage.
The worm is lightly wounded.
You hit the worm.
The worm is lightly wounded.
The worm bites you.
* * * LOW HITPOINT WARNING * * *
The worm looks more healthy.
You start resting.
A worm is nearby!
You start resting.
An adder comes into view.
You are too injured to fight recklessly!
You are too injured to fight recklessly!
You are too injured to fight recklessly!
Casting: Sting (safe; 6% risk of failure)
Confirm with . or Enter, or press ? or * to list all spells.
Aiming: Sting (safe; 6% risk of failure)
Press: ? - help, Shift-Dir - straight line, f - adder
Aim: an adder (wandering, hasn't noticed you, 53% to hit)
The sting hits the adder.
The adder is poisoned.
The adder is moderately wounded.
The adder hisses angrily.
You closely miss the adder.
The adder is moderately wounded.
The adder bites you.
* * * LOW HITPOINT WARNING * * *
Casting: Sting (safe; 6% risk of failure)
Confirm with . or Enter, or press ? or * to list all spells.
Aiming: Sting (safe; 6% risk of failure)
Press: ? - help, Shift-Dir - straight line, f/p - adder
Aim: an adder (heavily wounded, poisoned, 53% to hit)
The sting hits the adder.
The adder looks even sicker.
The adder is almost dead.
The adder misses you. The adder bites you.
You die...

.. ....
...#....
#..#....
........#
..#.#...#
........#
#.#..#..###
#.........#
###....#@#
###.).#S#
#....w#.#
###...#)#
##....#
#.w..#
##....####
#........#
#......####


You could see an adder (very poisoned).

Vanquished Creatures
  A gnoll (D:2)
  A dart slug (D:2)
  4 bats (D:1)
  2 endoplasms (D:1)
  3 goblins
  4 hobgoblins
  2 jackals (D:1)
  2 ball pythons
  5 frilled lizards (D:1)
  4 kobolds (D:1)
  A rat (D:1)
29 creatures vanquished.

Notes
Turn   | Place    | Note
-------+----------+-------------------------------------------
     0 | D:1      | gobodom the Demonspawn Venom Mage began the quest for the
                  | Orb.
     0 | D:1      | Reached XP level 1. HP: 13/13 MP: 3/3
   309 | D:1      | Gained mutation: You have a somewhat thin skeletal
                  | structure. (Dex +2, Stealth+) [demonic ancestry]
   309 | D:1      | Reached XP level 2. HP: 6/19 MP: 1/5
   782 | D:1      | Reached skill level 1 in Transmutations
  1512 | D:2      | Reached XP level 3. HP: 12/24 MP: 3/6
  1570 | D:2      | HP: 1/24 [adder (3)]
  1571 | D:2      | Slain by an adder

Illustrated notes

Levels and vault maps discovered:
D:1:      psy_arrival_fountain, layout_loops_cross
D:2:      layout_basic, hellmonk_ecumenical_altar_heavens_door,
          minmay_box_of_dots

Skill      XL: |  1  2 |
---------------+-------+-----
Transmutations | 1 |  1.2
Short Blades   | |  0.2
Dodging        | |  1.9
Stealth        | |  1.7
Spellcasting   | |  2.5
Poison Magic   | |  3.6

Action                   || total
-------------------------++-------
Melee: Short sword       ||    44
       Unarmed           ||     8
       Punch             ||     2
 Cast: Sting             ||    41
 Stab: Sleeping          ||     1
Armor: Robe              ||    11
Dodge: Dodged            ||    40

Table legend: (Time is in decaauts)
 A = Elapsed time spent in this place.
 B = Non-inter-level travel time spent in this place.
 C = Inter-level travel time spent in this place.
 D = Time resting spent in this place.
 E = Time spent auto-exploring this place.
 F = Levels seen in this place.
 G = Mean time per level.
                   A        B        C        D        E       F      G
               +--------+--------+--------+--------+--------+-----+--------+
         Total |   1574 |   1515 |     59 |     66 |   1205 |   2 |  787.0 |
       Dungeon |   1574 |   1515 |     59 |     66 |   1205 |   2 |  787.0 |
               +--------+--------+--------+--------+--------+-----+--------+

Top non-repeatable levels by time:
     D:1: 1470 daAuts
     D:2: 103 daAuts
